 Dungeon Crawl Stone Soup version 0.27.0-1-g7a089689b8 (webtiles) character file.

Game seed: 5105514848440034723

7 nxtlvl the Ducker (level 1, 13/13 HPs)
             Began as a Deep Elf Monk on Aug 7, 2021.
             Quit the game on level 3 of the Dungeon.
             The game lasted 00:01:44 (448 turns).

nxtlvl the Ducker (Deep Elf Monk)                    Turns: 448, Time: 00:01:45

Health: 13/13      AC:  7    Str:  8    XL:     1   Next: 91%
Magic:  3/3        EV: 11    Int: 14    God:
Gold:   35         SH:  0    Dex: 17    Spells: 0/0 levels left

rFire    . . .     SeeInvis .   a - +0 falchion
rCold    . . .     Faith    .   (no shield)
rNeg     . . .     Spirit   .   d - +0 ring mail
rPois    .         Reflect  .   (no helmet)
rElec    .         Harm     .   (no cloak)
rCorr    .         Rampage  +   (no gloves)
Will     .....                  c - +1 pair of boots {rampage}
Stlth    ++........             (no amulet)
HPRegen  0.04/turn              (no ring)
MPRegen  0.08/turn              (no ring)

@: no status effects
A: no striking features
a: no special abilities


You were on level 3 of the Dungeon.
You visited 1 branch of the dungeon, and saw 3 of its levels.

You collected 35 gold pieces.

Inventory:

Hand Weapons
 a - a +0 falchion (weapon)
Armour
 b - a +0 robe
 c - a +1 pair of boots of rampaging (worn)
 d - a +0 ring mail (worn)


   Skills:
 - Level 2.4 Fighting
 * Level 3.2 Long Blades
 - Level 3.6 Dodging
 - Level 2.4 Stealth


You couldn't memorise any spells.
You didn't know any spells.
Your spell library contained the following spells:

 Spells                   Type           Power      Damage    Failure   Level
 Sting                    Tmut/Pois      0%         1d3       65%         1
 Poisonous Vapours        Pois/Air       0%         N/A       80%         2
 Olgreb's Toxic Radiance  Pois           0%         N/A       100%        4


Dungeon Overview and Level Annotations

Branches:
Dungeon (3/15)

Altars:

Annotations:
D:1 exclusion: downstairs
D:2 Robin, Terence


Message History

You barely miss the rat. You hit the rat but do no damage. The rat bites you.
* * * LOW HITPOINT WARNING * * *
You closely miss the rat. The rat closely misses you.
You hit the rat but do no damage. The rat bites you.
* * * LOW HITPOINT WARNING * * *
The rat closely misses you.
You barely miss the rat. The rat barely misses you.
You hit the rat.
You kill the rat!
You see here 20 stones.
A kobold comes into view. It is wielding a +0 dagger.
Found 11 stones.
Found a Young Poisoner's Handbook.
You pick up a Young Poisoner's Handbook and begin reading...
You add the spells Sting, Poisonous Vapours and Olgreb's Toxic Radiance to your library.
Found 15 gold pieces.
Found a ring mail.
Found a stone staircase leading down.
Found a pair of runed boots.
You now have 35 gold pieces (gained 15).
You see here a +1 pair of boots of rampaging.
c - a +1 pair of boots of rampaging You start putting on your armour.
You continue putting on your +1 pair of boots of rampaging. x4
You finish putting on your +1 pair of boots of rampaging.
You feel ready to rampage towards enemies.
You see here a +0 ring mail.
d - a +0 ring mail You start removing your armour.
You continue taking off your +0 robe. x4
You finish taking off your +0 robe.
You start putting on your armour.
You continue putting on your +0 ring mail. x5
You finish putting on your +0 ring mail.
There is a stone staircase leading down here.
You climb downwards.
There is a stone staircase leading up here.
HP restored.
Found a leather armour.
Are you sure you want to abandon this character and quit the game? (Confirm with "yes".)

#########
#.......#
#@#####.#####.#
#.# #.........#
#.###.#.#######
#.......###
#.........#
#.###.###.#
#.###.#.#.#
#[........###
###.......+


There were no monsters in sight!

Vanquished Creatures
  An endoplasm (D:1)
  3 goblins
  A ball python (D:1)
  A kobold (D:1)
  A rat (D:2)
7 creatures vanquished.

Vanquished Creatures (others)
  A fungus (D:2)
1 creature vanquished.

Grand Total: 8 creatures vanquished

Notes
Turn   | Place    | Note
-------+----------+-------------------------------------------
     0 | D:1      | nxtlvl the Deep Elf Monk began the quest for the Orb.
     0 | D:1      | Reached XP level 1. HP: 13/13 MP: 3/3
    14 | D:2      | Noticed Terence
   111 | D:2      | Noticed Robin
   162 | D:1      | You fall into a shaft and drop 1 floor!
   448 | D:3      | Quit the game

Illustrated notes

Levels and vault maps discovered:
D:1:      minmay_arrival_radiant_lines, layout_basic, minmay_hexomino_p4
D:2:      layout_rooms, shapermc_ecumenical_altar_gd, uniq_terence, uniq_robin
D:3:      layout_loops_corners, serial_shops, shop

Skill      XL: |  1 |
---------------+----+-----
Long Blades    | 3 |  3.2
Fighting       | |  2.4
Dodging        | |  3.6
Stealth        | |  2.4

Action                   || total
-------------------------++-------
Melee: Falchion          ||    21
 Stab: Sleeping          ||     2
Armor: Robe              ||     2
Dodge: Dodged            ||    11
       Rpst.: Falchion   ||     3
